 Dungeon Crawl Stone Soup version 0.30.1-11-g7821555f0a (webtiles) character file.

Game seed: 15114855879011530618

1652 Cheops the Basher (level 9, -4/92 HPs)
             Began as an Ogre Fighter on Dec 9, 2023.
             Slain by a troll (7 damage)
             ... on level 6 of the Dungeon.
             The game lasted 00:07:34 (5298 turns).

Cheops the Basher (Ogre Fighter)                    Turns: 5298, Time: 00:07:35

Health: -4/92      AC:  3    Str: 29    XL:     9   Next: 0%
Magic:  9/9        EV:  9    Int:  9    God:
Gold:   57         SH: 11    Dex:  8    Spells: 8/8 levels left

rFire   . . .        a - +0 morningstar
rCold   + . .        i - +4 kite shield of Gaothrin {Harm rC+ Str+3}
rNeg    . . .        u - +0 robe
rPois   .            (helmet restricted)
rElec   .            v - scarf {repulsion}
rCorr   .            (gloves unavailable)
SInv    .            (boots unavailable)
Will    +....        (no amulet)
Stlth   +            (no ring)
HPRegen 0.35/turn    (no ring)
MPRegen 0.11/turn

%: harm (+30% outgoing, +20% incoming), repel missiles
@: no status effects
A: large, unfitting armour, tough skin 1, talons 1, strong-willed 1, robust 1
a: no special abilities


You were on level 6 of the Dungeon.
You visited 1 branch of the dungeon, and saw 6 of its levels.

You collected 304 gold pieces.
You spent 247 gold pieces at shops.

Inventory:

Hand Weapons
 a - a +0 morningstar (weapon)
 b - a +3 mace
 f - a +0 flail
 C - a +0 great mace
Armour
 c - a +0 kite shield
 i - the +4 kite shield of Gaothrin (worn) {Harm rC+ Str+3}
   (You bought it in a shop on level 4 of the Dungeon)

   Str:       It affects your strength (+3).
   rC:        It protects you from cold.
   Harm:      It increases damage dealt and taken.
 u - a +0 robe (worn)
 v - a scarf of repulsion (worn)
Wands
 x - a wand of mindburst (17)
 y - a wand of roots (15)
Scrolls
 e - 2 scrolls of teleportation {unknown}
 g - a scroll of magic mapping {unknown}
 j - 3 scrolls of amnesia {unknown}
 n - 3 scrolls of blinking {unknown}
 o - 3 scrolls of identify {unknown}
 p - a scroll of poison {unknown}
 r - a scroll of noise {unknown}
 s - a scroll of brand weapon {unknown}
Potions
 d - 3 potions of might
 h - 3 potions of curing
 k - 3 potions of heal wounds {unknown}
 l - 2 potions of lignification {unknown}
 m - a potion of brilliance {unknown}
 q - a potion of ambrosia {unknown}
 t - 2 potions of attraction {unknown}
 w - a potion of cancellation {unknown}
 z - a potion of haste {unknown}
 A - a potion of degeneration {unknown}
 B - a potion of resistance


   Skills:
 - Level 4.0 Fighting
 + Level 10.3 Maces & Flails
 - Level 2.6 Dodging
 - Level 3.0 Shields


You had 8 spell levels left.
You didn't know any spells.
Your spell library contained the following spells:

 Spells                   Type           Power      Damage    Failure   Level
 Necrotise                Necr           0%         1d4       61%         1
 Ensorcelled Hibernation  Hex/Ice        0%         N/A       75%         2
 Passwall                 Tmut/Erth      0%         N/A       75%         2
 Ignite Poison            Fire/Tmut/Pois 0%         N/A       93%         3
 Swiftness                Air            0%         N/A       93%         3
 Vampiric Draining        Necr           0%         2d6       93%         3
 Sticky Flame             Conj/Fire      0%         2d3       100%        4
 Agony                    Necr           0%         N/A       100%        5
 Ignition                 Fire           0%         3d3       100%        8


Dungeon Overview and Level Annotations

Branches:
Dungeon (6/15)
 Temple: D:4-7

Altars:
Kikubaaqudgha
Okawaru
Uskayaw

Shops:
D:1 (!   D:4 [


Innate Abilities, Weirdness & Mutations

You are too large for most types of armour.
You have tough skin. (AC +1)
You have sharp toenails.
You are strong-willed. (Will+)
You are robust. (+10% HP)


Message History

You block the white imp's attack.
You barely miss the white imp. You claw the white imp.
The white imp is heavily wounded.
You block the white imp's attack.
You puncture the white imp!
You kill the white imp!
You have reached level 9!
Your experience leads to an increase in your attributes!
Your base attributes are Str 23, Int 9, Dex 8.
Increase (S)trength, (I)ntelligence, or (D)exterity?
You feel stronger. x3
You hit the troll.
The troll is lightly wounded.
You block the troll's attack. The troll completely misses you.
The troll claws you!
* * * LOW HITPOINT WARNING * * *
You hit the troll. You claw the troll, but do no damage.
The troll is lightly wounded.
The troll bites you!
* * * LOW HITPOINT WARNING * * *
The troll closely misses you. You block the troll's attack.
You barely miss the troll. You claw the troll, but do no damage.
The troll is lightly wounded.
The troll bites you.
* * * LOW HITPOINT WARNING * * *
You block the troll's attack. The troll claws you.
* * * LOW HITPOINT WARNING * * *
You barely miss the troll. Your kick misses the troll.
The troll is lightly wounded.
You block the troll's attack. The troll claws you!
* * * LOW HITPOINT WARNING * * *
You block the troll's attack.
You closely miss the troll. Your kick misses the troll.
The troll is lightly wounded.
The troll bites you!
* * * LOW HITPOINT WARNING * * *
The troll claws you.
* * * LOW HITPOINT WARNING * * *
The troll claws you.
You die...

#######....###......#
+.....'....'.'......#
#######....###......#
#....# #......# #....#
#......# #....#
######## #....#
.#######...†# #####
......)..##@# #....##
...o.....##T##
##......#
..o......##..###..#$$#
...#...#####...'..$#
.. #... ###.'..$# .
#... ###..#$$# +...
##......# #... #.:..##
#####


You could see a troll.

Vanquished Creatures
  Sigmund (D:5)
  An ice beast (D:6)
  A sky beast (D:6)
  A centaur (D:6)
  2 phantoms
  3 kobold brigands
  A bullfrog (D:5)
  3 scorpions
  A howler monkey (D:6)
  3 orc priests
  3 hounds
  A sleepcap (D:5)
  4 iguanas
  4 orc wizards
  5 adders
  A shadow imp (D:5)
  A white imp (D:6)
  An ufetubus (D:5)
  A worm (D:3)
  2 dart slugs
  29 orcs
  6 bats
  An endoplasm (D:4)
  6 giant cockroaches
  6 hobgoblins
  7 jackals
  14 kobolds
  4 quokkas
  11 ball pythons
  3 frilled lizards
  5 goblins
  10 rats
142 creatures vanquished.

Notes
Turn   | Place    | Note
-------+----------+-------------------------------------------
     0 | D:1      | Cheops the Ogre Fighter began the quest for the Orb.
     0 | D:1      | Reached XP level 1. HP: 24/24 MP: 1/1
   207 | D:1      | Reached skill level 2 in Maces & Flails
   268 | D:1      | Reached XP level 2. HP: 20/32 MP: 2/2
   434 | D:1      | Found Godghaick's Distillery.
   490 | D:1      | Found a faded altar of an unknown god.
   514 | D:1      | Found Teezomy's Antique Weapon Boutique.
   575 | D:1      | Reached skill level 3 in Maces & Flails
   724 | D:1      | Reached XP level 3. HP: 36/39 MP: 3/3
  1449 | D:2      | Reached XP level 4. HP: 46/48 MP: 4/4
  1702 | D:3      | Reached skill level 4 in Maces & Flails
  1703 | D:3      | Found a hide-covered altar of Uskayaw.
  1830 | D:3      | Found an iron altar of Okawaru.
  2250 | D:3      | Reached XP level 5. HP: 52/54 MP: 5/5
  2289 | D:3      | Found an ancient bone altar of Kikubaaqudgha.
  2750 | D:4      | Found Okicefown's Antique Armour Shoppe.
  2752 | D:4      | Noticed a phantom
  2771 | D:4      | Gained mutation: You have sharp toenails. [potion of
                  | mutation]
  2771 | D:4      | Gained mutation: You are strong-willed. (Will+) [potion of
                  | mutation]
  2771 | D:4      | Gained mutation: You are robust. (+10% HP) [potion of
                  | mutation]
  2779 | D:4      | Killed a phantom
  2780 | D:4      | Reached skill level 5 in Maces & Flails
  2950 | D:4      | Reached XP level 6. HP: 66/68 MP: 6/6
  3110 | D:4      | Reached skill level 6 in Maces & Flails
  3569 | D:4      | Reached XP level 7. HP: 40/77 MP: 7/7
  3833 | D:4      | Bought a twisted kite shield for 247 gold pieces
  3833 | D:4      | Identified the +4 kite shield of Gaothrin {Harm rC+ Str+3}
                  | (You bought it in a shop on level 4 of the Dungeon)
  3911 | D:5      | Entered Level 5 of the Dungeon
  3975 | D:5      | Reached skill level 7 in Maces & Flails
  4454 | D:5      | Noticed Sigmund
  4465 | D:5      | Killed Sigmund
  4466 | D:5      | Reached skill level 8 in Maces & Flails
  4466 | D:5      | Reached XP level 8. HP: 57/85 MP: 8/8
  5015 | D:6      | Reached skill level 9 in Maces & Flails
  5242 | D:6      | Reached skill level 10 in Maces & Flails
  5278 | D:6      | Noticed a troll
  5294 | D:6      | Reached XP level 9. HP: 64/92 MP: 9/9
  5298 | D:6      | HP: 3/92 [troll (7)]
  5298 | D:6      | Slain by a troll

Illustrated notes

Levels and vault maps discovered:
D:1:      dpeg_cavernosity, layout_basic, serial_shops,
          nicolae_shop_hallway_plus, nicolae_shop_peninsula,
          shapermc_ecumenical_altar_acropolis
D:2:      layout_loops_ring, grunt_decor_one_mirror
D:3:      layout_loops_cross, lemuel_crystal_altar, mainiacjoe_overflow_paths,
          nicolae_uskayaw_dance_hall, guppyfry_early_orc_mine
D:4:      layout_rooms, nicolae_inconvenience_store, grunt_ministairs_3
D:5:      layout_cave_pools, uniq_sigmund
D:6:      minmay_polygon_palace, layout_basic, lemuel_round_altar,
          minmay_temple_entry_slanted, minmay_fire_ice_demons

Skill      XL: |  1  2  3  4  5  6  7  8 |
---------------+-------------------------+-----
Maces & Flails | 2 3 4 5 6 8 10 | 10.3
Fighting       | |  4.0
Dodging        | |  2.6
Shields        | |  3.0

Action                     |  1- 3 |  4- 6 |  7- 9 || total
---------------------------+-------+-------+-------++-------
  Melee: Flail             |   167 |     1 |       ||   168
         Mace              |       |   114 |       ||   114
         Kick              |       |    17 |    31 ||    48
         Morningstar       |       |    21 |   134 ||   155
    Use: Potion            |       |     3 |       ||     3
   Stab: Sleeping          |     3 |       |       ||     3
 Armour: Robe              |    73 |    30 |    16 ||   119
  Dodge: Dodged            |    75 |    48 |    34 ||   157
         Repelled          |       |     1 |       ||     1
  Block: Kite shield       |    70 |    60 |    73 ||   203
